 Dungeon Crawl Stone Soup version 0.31.0-12-g77e489cdc1 (webtiles) character file.

Game seed: 199125634528092856

58 Silvore the Shield-Bearer (level 3, 0/33 HPs)
             Began as a Minotaur Fighter on Feb 17, 2024.
             Succumbed to Crazy Yiuf's poison
             ... on level 2 of the Dungeon.
             The game lasted 00:01:57 (922 turns).

Silvore the Shield-Bearer (Minotaur Fighter)         Turns: 922, Time: 00:01:58

Health: 0/33       AC:  7    Str: 22    XL:     3   Next: 76%
Magic:  2/2        EV:  9    Int:  5    God:
Gold:   84         SH:  4    Dex:  9    Spells: 2/2 levels left

rFire   . . .        a - +1 war axe
rCold   . . .        c - +0 buckler
rNeg    . . .        b - +0 scale mail
rPois   .            (helmet restricted)
rElec   .            (no cloak)
rCorr   .            (no gloves)
SInv    .            (no boots)
Will    .....        (no amulet) Stlth
                     (no ring)
HPRegen 0.25/turn    (no ring)
MPRegen 0.08/turn

%: no passive effects
@: lethally poisoned (0 -> -11), attractive
A: horns 2, retaliatory headbutt
a: no special abilities


You were on level 2 of the Dungeon.
You visited 1 branch of the dungeon, and saw 2 of its levels.

You collected 84 gold pieces.

Inventory:

Hand Weapons
 a - a +1 war axe (weapon)
Armour
 b - a +0 scale mail (worn)
 c - a +0 buckler (worn)
Scrolls
 j - a scroll of fear
Potions
 d - a potion of might
 g - a potion of haste {unknown}
 l - a potion of lignification {unknown}


   Skills:
 + Level 4.1 Fighting
 + Level 3.4 Axes
 + Level 4.1 Armour
 + Level 0.2 Dodging
 + Level 0.1 Stealth
 + Level 4.2 Shields


You had 2 spell levels left.
You didn't know any spells.
Your spell library was empty.

Dungeon Overview and Level Annotations

Branches:
Dungeon (2/15)

Altars:


Innate Abilities, Weirdness & Mutations

You have a pair of horns on your head.
You reflexively headbutt those who attack you in melee.


Message History

As you open the door, it creaks loudly!
There is an open door here.
Found five hammers.
Found a hammer.
Found a hammer and a glowing hammer.
You see here a +0 hammer.
You completely miss the fungus.
The fungus begins to die.
You headbutt the fungus!
The fungus is lightly damaged.
You slash the fungus!
The fungus begins to die.
You see here a +2 heavy hammer.
A nearby fungus withers and dies.
You see here a +0 hammer.
A nearby fungus withers and dies.
You slash the fungus!
The fungus begins to die.
The fungus is lightly damaged.
You slash the fungus!
The fungus begins to die.
You see here a +0 hammer.
Found a glowing hammer.
Found a runed translucent door.
Crazy Yiuf shouts!
Crazy Yiuf glowers.
As you open the door, it creaks loudly!
You slash Crazy Yiuf!
Crazy Yiuf is severely wounded.
Crazy Yiuf hits you with a +4 quarterstaff of chaos!
You are poisoned.
Crazy Yiuf yells, "Powder shrimp forty-two!"
Crazy Yiuf hits you with a +4 quarterstaff of chaos!
Crazy Yiuf freezes you.
* * * LOW HITPOINT WARNING * * *
You barely miss Crazy Yiuf.
Crazy Yiuf is severely wounded.
* * * LOW HITPOINT WARNING * * *
You feel very sick. Crazy Yiuf barely misses you. You furiously retaliate!
You headbutt Crazy Yiuf!
You kill Crazy Yiuf!
Unknown command.
It was a potion of attraction.
You feel attractive to monsters.
You die...

#..## ##.......
#####...####........
............'........
#############........
##......)
♣♣♣♣♣####..<..# ###
♣♣♣.♣.P)####...##
#...#♣..♣.P.).)###'##
#...)@♣♣♣♣)))....#.###
#)..#♣♣ ♣♣.)#)#......
### ♣♣####.#.##.
....... ###......
#....#. #......
#######


There were no monsters in sight!

Vanquished Creatures
  Crazy Yiuf (D:2)
  A dart slug (D:2)
  6 ball pythons (D:1)
  4 endoplasms (D:1)
  2 giant cockroaches (D:1)
  2 goblins (D:1)
  4 hobgoblins
  A quokka (D:1)
  2 bats (D:1)
  2 frilled lizards (D:1)
  3 kobolds
  A rat (D:1)
29 creatures vanquished.

Notes
Turn   | Place    | Note
-------+----------+-------------------------------------------
     0 | D:1      | Silvore the Minotaur Fighter began the quest for the Orb.
     0 | D:1      | Reached XP level 1. HP: 19/19 MP: 0/0
   210 | D:1      | Reached XP level 2. HP: 27/27 MP: 1/1
   508 | D:1      | Found a faded altar of an unknown god.
   778 | D:2      | Reached XP level 3. HP: 27/33 MP: 2/2
   915 | D:2      | Found a runed translucent door.
   916 | D:2      | Noticed Crazy Yiuf
   921 | D:2      | Killed Crazy Yiuf
   922 | D:2      | Succumbed to Crazy Yiuf's poison

Illustrated notes

Levels and vault maps discovered:
D:1:      lemuel_arrival_hallway, layout_rooms,
          nicolae_ecumenical_snake_handling
D:2:      layout_loops_corners, uniq_natasha, uniq_jessica,
          uniq_crazy_yiuf_cottage

Skill      XL: |  1  2 |
---------------+-------+-----
Shields        | 4 |  4.2
Fighting       | 4 |  4.1
Axes           | 3 |  3.4
Armour         | 4 |  4.1
Dodging        | |  0.2
Stealth        | |  0.1

Action                     || total
---------------------------++-------
  Melee: War axe           ||    64
         Headbutt          ||     5
    Use: Scroll            ||     5
         Potion            ||     1
 Armour: Scale mail        ||    51
  Dodge: Dodged            ||    33
  Block: Buckler           ||    18
